 Dungeon Crawl Stone Soup version 0.19-a0-1107-gc676ff4 (webtiles) character file.

205 Charly the Cudgeler (level 5, -1/32 HPs)
             Began as a Gargoyle Berserker on Aug 9, 2016.
             Was a Follower of Trog.
             Slain by a shadow imp (2 damage)
             ... on level 6 of the Dungeon.
             The game lasted 00:07:38 (573 turns).

Charly the Cudgeler (Gargoyle Berserker)             Turns: 573, Time: 00:07:38

Health: -1/32      AC:  9    Str: 20    XL:     5   Next: 83%
Magic:  5/5        EV: 11    Int:  8    God:    Trog [*.....]
Gold:   102        SH:  0    Dex: 10    Spells: 0 memorised, 4 levels left

rFire  + . .     SeeInvis .     a - +0 mace
rCold  . . .     Gourm    .     i - +0 ring mail
rNeg   + . .     Faith    .     (no shield)
rPois  ∞         Spirit   .     (no helmet)
rElec  +         Dismiss  .     (no cloak)
rCorr  .         Reflect  .     (no gloves)
SustAt .         Harm     .     (no boots)
MR     .....                    (no amulet)
Stlth  ..........               (no ring)
                                h - ring of protection from fire

@: exhausted, slowed, very slow
A: negative energy resistance 1, electricity resistance, unbreathing,
petrification resistance, rot immunity, AC +4
a: Berserk, Burn Spellbooks, Renounce Religion


You were on level 6 of the Dungeon.
You worshipped Trog.
Trog was aware of your devotion.
You were not hungry.

You visited 1 branch of the dungeon, and saw 6 of its levels.

You collected 102 gold pieces.

Inventory:

Hand Weapons
 a - a +0 mace (weapon)
Armour
 b - a +0 animal skin
 i - a +0 ring mail (worn)
 l - a +0 scale mail
Jewellery
 h - a ring of protection from fire (left hand)
Scrolls
 d - a scroll of fear {unknown}
 e - a scroll of teleportation {unknown}
 g - a scroll of magic mapping {unknown}
 j - a scroll of random uselessness {unknown}
 k - a scroll of identify {unknown}
 n - a scroll of remove curse {unknown}
Potions
 m - a potion of might {unknown}
Comestibles
 c - 2 bread rations


   Skills:
 - Level 3.2 Fighting
 + Level 6.3 Maces & Flails
 - Level 2.1 Armour
 - Level 1.5 Dodging


You had 4 spell levels left.
You didn't know any spells.

Dungeon Overview and Level Annotations

Branches:
Dungeon (6/15)
 Temple: D:4-7

Altars:

Annotations:
D:5 JustSomeDude's ghost, novice DsFi


Innate Abilities, Weirdness & Mutations

You are resistant to torment.
Your stone body is resilient. (AC +4)
You are immune to poison.
You resist negative energy. (rN+)
You are resistant to electric shocks. (rElec)
You can survive without breathing.
You are immune to petrification.
You are immune to rotting.


Message History

* * * LOW HITPOINT WARNING * * *
You closely miss the giant frog.
The giant frog is heavily wounded.
The giant frog barely misses you. The shadow imp barely misses you.
You closely miss the giant frog.
The giant frog is heavily wounded.
The giant frog hits you but does no damage.
The shadow imp closely misses you.
The giant frog hits you but does no damage.
You closely miss the giant frog.
The giant frog is heavily wounded.
You are no longer berserk.
You are exhausted.
You feel yourself slow down. The giant frog closely misses you.
The shadow imp gestures at you. Pain shoots through your body!
* * * LOW HITPOINT WARNING * * *
It was a potion of magic.
Magic courses through your body. The giant frog barely misses you.
The shadow imp hits you.
You die...

........# ........# ###
.# ........+ ..##.#####
..(.....# #.##.##...
........# #.##.##...
#.....Z# #.##.##...
#....5F# #.##.##...
#>...†@#######.##.##...
#.................##...
##############.#..##...
#............
#.#..........
#.#.5........
#............
###..........
#####..........


You could see a giant frog, a shadow imp and a quokka skeleton.

Vanquished Creatures
  An ogre (D:4)
  A giant frog skeleton (D:5)
  An iguana (D:6)
  2 worker ants
  An adder (D:6)
  2 hobgoblins
  A quokka (D:4)
  2 giant newts
  A kobold (D:2)
12 creatures vanquished.

Notes
Turn   | Place    | Note
-------+----------+-------------------------------------------
     0 | D:1      | Charly the Gargoyle Berserker began the quest for the Orb.
     0 | D:1      | Reached XP level 1. HP: 14/14 MP: 1/1
   144 | D:4      | Noticed a worker ant
   148 | D:4      | Killed a worker ant
   148 | D:4      | Reached skill level 4 in Maces & Flails
   148 | D:4      | Reached XP level 2. HP: 16/19 MP: 2/2
   148 | D:4      | Reached XP level 3. HP: 19/23 MP: 3/3
   190 | D:4      | Noticed an ogre
   196 | D:4      | Killed an ogre
   196 | D:4      | Reached skill level 5 in Maces & Flails
   196 | D:4      | Reached XP level 4. HP: 28/28 MP: 4/4
   229 | D:3      | Reached XP level 5. HP: 31/32 MP: 5/5
   271 | D:5      | Entered Level 5 of the Dungeon
   302 | D:5      | Reached skill level 6 in Maces & Flails
   322 | D:5      | Noticed JustSomeDude's ghost (novice DsFi)
   572 | D:6      | HP: 1/32 [shadow imp/nerve-wracking pain (7)]
   573 | D:6      | Slain by a shadow imp

Vault maps used:
D:1:      saegor_arrival_simple_a, serial_bayou_crossing
D:2:      fiery_altar_vehumet, nicolae_overflow_quartered_altars, uniq_terence
D:3:      first_bread, uniq_jessica
D:4:      old_standard_altar, lemuel_round_altar
D:5:      kennysheep_little_box, overflow_temple_1_default, old_standard_altar,
          lemuel_crystal_altar, serial_shops, shop, kennysheep_potato
D:6:      kennysheep_mini

Skill      XL: |  1  2  3  4  5 |
---------------+----------------+-----
Maces & Flails | 4 5 6 |  6.3
Fighting       | |  3.2
Armour         | |  2.1
Dodging        | |  1.5

Action                   |  1- 3 |  4- 6 || total
-------------------------+-------+-------++-------
Melee: Mace              |    14 |    46 ||    60
Invok: Berserk           |     2 |     1 ||     3
  Use: Potion            |       |     1 ||     1
  Eat: Bread ration      |       |     1 ||     1
Armor: Animal skin       |     2 |       ||     2
       Ring mail         |       |    23 ||    23
Dodge: Dodged            |     6 |    36 ||    42
